 Dungeon Crawl Stone Soup version 0.23-a0-350-g6fd5563 (webtiles) character file.

110 Garbasso the Insei (level 4, -5/34 HPs)
             Began as a Merfolk Transmuter on Oct 20, 2018.
             Slain by a bullfrog (7 damage)
             ... on level 3 of the Dungeon.
             The game lasted 00:07:17 (3312 turns).

Garbasso the Insei (Merfolk Transmuter)             Turns: 3312, Time: 00:07:18

Health: -5/34      AC:  4    Str: 10    XL:     4   Next: 91%
Magic:  1/7        EV: 13    Int: 13    God:
Gold:   79         SH:  0    Dex: 14    Spells: 2/8 levels left

rFire    . . .     SeeInvis .     - Unarmed
rCold    . . .     Gourm    .   (no shield)
rNeg     . . .     Faith    .   b - +0 robe
rPois    .         Spirit   .   k - +1 hat
rElec    .         Reflect  .   e - scarf {cloud immunity}
rCorr    .         Harm     .   (no gloves)
MR       .....                  f - +0 pair of boots
Stlth    +.........             (no amulet)
HPRegen  0.11/turn              (no ring)
MPRegen  0.10/turn              (no ring)

@: very slightly contaminated
A: change form in water, swift swim, stealthy swim
a: no special abilities


You were on level 3 of the Dungeon.
You were hungry.

You visited 1 branch of the dungeon, and saw 3 of its levels.

You collected 79 gold pieces.

Inventory:

Missiles
 a - 2 arrows
Armour
 b - a +0 robe (worn)
 e - a scarf of cloud immunity (worn)
 f - a +0 pair of boots (worn)
 k - a +1 hat (worn)
Wands
 c - a wand of scattershot (4)
Scrolls
 g - 2 scrolls of identify
Potions
 j - 3 potions of invisibility
Comestibles
 d - 5 rations
 h - 2 chunks of flesh


   Skills:
 + Level 2.3 Fighting
 - Level 2.6 Dodging
 * Level 4.5 Unarmed Combat
 + Level 2.6 Spellcasting
 + Level 3.7 Transmutations


You had 2 spell levels left.
You knew the following spells:

 Your Spells              Type           Power        Failure   Level  Hunger
a - Beastly Appendage     Tmut           ##....       4%          1    #......
b - Sticks to Snakes      Tmut           ##......     8%          2    ###....
c - Spider Form           Tmut/Pois      #.........   32%         3    ###....

Your spell library contained the following spells:

 Spells                   Type           Power        Failure   Level  Hunger
 Ice Form                 Ice/Tmut       #.......     73%         4    #####..
 Blade Hands              Tmut           ##........   80%         5    ######.


Dungeon Overview and Level Annotations

Branches:
Dungeon (3/15)

Altars:

Annotations:
D:3 Robin


Message History

You swap places.
The bullfrog hits your ball python. x2
Your ball python dies!
Casting: Sticks to Snakes (safe; 8% risk of failure)
Confirm with . or Enter, or press ? or * to list all spells.
You create a snake!
You now have 2 arrows.
Your horns disappear.
The bullfrog hits you.
* * * LOW HITPOINT WARNING * * *
Your ball python bites the bullfrog.
Your ball python barely misses the bullfrog.
The bullfrog barely misses your ball python.
Your ball python misses the bullfrog.
Your ball python grabs the bullfrog.
Your ball python constricts the bullfrog.
Casting: Sticks to Snakes (safe; 8% risk of failure)
Confirm with . or Enter, or press ? or * to list all spells.
You don't have enough magic to cast that spell.
The bullfrog hits your ball python!
Your ball python dies!
The bullfrog hits you!
You die...

#.##.....#
####.##.....#
#(...##.....#
#.#### .....# #.#
#### #.#
###.#######
#.........#
#.#@##.##.#
#.#F##.##.# #
#.#....##.##.##.#
#.#.##..........#
#.#.##.##.##...<..
#.........# #####
###########


You could see a bullfrog.

Vanquished Creatures
  2 orc wizards (D:2)
  An adder (D:2)
  A worm (D:2)
  A leopard gecko (D:3)
  3 orcs (D:2)
  A ball python (D:2)
  2 giant cockroaches (D:1)
  5 hobgoblins
  2 jackals (D:1)
  2 quokkas (D:2)
  8 bats
  3 frilled lizards (D:2)
  6 goblins
  A kobold (D:1)
  3 rats
41 creatures vanquished.

Vanquished Creatures (collateral kills)
  A hobgoblin (D:2)
  2 jackals (D:1)
  A rat (D:2)
4 creatures vanquished.

Grand Total: 45 creatures vanquished

Notes
Turn   | Place    | Note
-------+----------+-------------------------------------------
     0 | D:1      | Garbasso the Merfolk Transmuter began the quest for the
                  | Orb.
     0 | D:1      | Reached XP level 1. HP: 15/15 MP: 3/3
   107 | D:1      | Reached XP level 2. HP: 8/21 MP: 5/5
   111 | D:1      | Learned a level 2 spell: Sticks to Snakes
  1442 | D:2      | Reached XP level 3. HP: 26/26 MP: 4/6
  1447 | D:2      | Learned a level 3 spell: Spider Form
  1977 | D:2      | Reached skill level 4 in Unarmed Combat
  2203 | D:2      | Reached XP level 4. HP: 33/33 MP: 5/7
  3210 | D:3      | Noticed Robin
  3291 | D:3      | Noticed a bullfrog
  3306 | D:3      | HP: 1/34 [bullfrog (5)]
  3312 | D:3      | Slain by a bullfrog

Vault maps used:
D:1:      mrwooster_arrival_arrow
D:2:      kennysheep_cluttered_room, minmay_pentomino_x2
D:3:      nicolae_dithmenos_shadow_blocks, hellmonk_ghost_happy_afterlife,
          uniq_terence, uniq_robin

Skill      XL: |  1  2  3 |
---------------+----------+-----
Transmutations | 3 |  3.7
Unarmed Combat | 4 |  4.5
Fighting       | 2 |  2.3
Dodging        | |  2.6
Spellcasting   | |  2.6

Action                   |  1- 3 |  4- 6 || total
-------------------------+-------+-------++-------
Melee: Unarmed           |   116 |    69 ||   185
       Headbutt          |    10 |    11 ||    21
       Punch             |     2 |       ||     2
 Cast: Beastly Appendage |    19 |     8 ||    27
       Sticks to Snakes  |     8 |     2 ||    10
       Spider Form       |       |     2 ||     2
 Abil: End Transformatio |       |     1 ||     1
  Use: Scroll            |       |     3 ||     3
  Eat: Chunk             |     3 |     2 ||     5
       Ration            |     1 |       ||     1
Armor: Robe              |    17 |    24 ||    41
       Skin              |       |     1 ||     1
Dodge: Dodged            |    83 |    54 ||   137

Table legend:
 A = Non-vault XP
 B = Vault XP
 C = Vault XP percentage of total XP
 D = Non-vault monster count
 E = Vault monster count
 F = Vault count percentage of total count
                 A         B        C        D         E       F
            +---------+---------+-------+---------+---------+-------
      Total |     152 |       6 |   3.8 |      42 |       3 |   6.7
            +---------+---------+-------+---------+---------+-------
        D:1 |      27 |       0 |   0.0 |      18 |       0 |   0.0
        D:2 |     122 |       6 |   4.7 |      23 |       3 |  11.5
        D:3 |       3 |       0 |   0.0 |       1 |       0 |   0.0
            +---------+---------+-------+---------+---------+-------
